 Dungeon Crawl Stone Soup version 0.29-a0-393-g47a863cc1b (webtiles) character file.

Game seed: 2614928585454602668

6 croobank the Sneak (level 1, -3/16 HPs)
             Began as an Octopode Delver on May 10, 2022.
             Slain by an ogre
             ... wielding a +0 giant spiked club
              (17 damage)
             ... on level 2 of the Dungeon.
             The game lasted 00:01:42 (217 turns).

croobank the Sneak (Octopode Delver)                 Turns: 217, Time: 00:01:42

Health: -3/16      AC:  1    Str: 11    XL:     1   Next: 90%
Magic:  1/1        EV: 10    Int: 12    God:
Gold:   11         SH:  0    Dex: 13    Spells: 0/0 levels left

rFire   . . .      SeeInvis .   a - +0 hand axe
rCold   . . .      Faith    .   (no shield)
rNeg    . . .      Spirit   .   (helmet restricted)
rPois   .          Reflect  .   (no amulet)
rElec   .          Harm     .   (no ring)
rCorr   .          Rampage  .   (no ring)
Will    .....                   (no ring)
Stlth   ++++......              (no ring)
HPRegen 0.05/turn               (no ring)
MPRegen 0.07/turn               (no ring)
                                (no ring)
                                (no ring)

@: hasted, constricted, very quick
A: almost no armour, amphibious, 8 rings, camouflage 1, gelatinous body 1,
(nimble swimmer 1), tentacles
a: no special abilities


You were on level 2 of the Dungeon.
You visited 1 branch of the dungeon, and saw 4 of its levels.

You collected 11 gold pieces.

Inventory:

Hand Weapons
 a - a +0 hand axe (weapon)
 c - a +0 hunting sling
 h - a +0 rapier
Missiles
 g - 54 stones (quivered)
Wands
 f - a wand of digging (3)
Scrolls
 b - a scroll of fog


   Skills:
 + Level 3.1 Fighting
 + Level 2.1 Axes
 + Level 2.1 Dodging
 + Level 6.7 Stealth


You couldn't memorise any spells.
You didn't know any spells.
Your spell library was empty.

Dungeon Overview and Level Annotations

Branches:
Dungeon (5/15)
 Temple: D:4-7

Altars:


Innate Abilities, Weirdness & Mutations

You cannot wear most types of armour.
You are amphibious.
You can wear up to eight rings at the same time.
Your skin changes colour to match your surroundings (Stealth+).
Your rubbery body absorbs attacks. (AC +1, EV +1)
((You are camouflaged when in or above water. (Stealth+)))
You have tentacles for arms and can constrict up to eight enemies at once.


Message History

Found a stone staircase leading up.
The hobgoblin shouts!
You barely miss the hobgoblin. You grab the hobgoblin.
You constrict the hobgoblin, but do no damage.
The hobgoblin hits you but does no damage.
You hit the hobgoblin.
You kill the hobgoblin!
A goblin comes into view. It is wielding a +0 club.
You see here a hobgoblin corpse.
Found a rapier.
Found a club.
You hit the goblin. Your grab misses the goblin. You squeeze the goblin.
You kill the goblin!
No target in view!
Okay, then.
A rat comes into view.
The rat bites you.
You hit the rat. Your grab misses the rat. You squeeze the rat.
You kill the rat!
No target in view!
There is a stone staircase leading up here.
You climb upwards.
Found 8 gold pieces and a book of Blood.
Found a stone staircase leading up.
There is a stone staircase leading down here.
A ball python comes into view.
Found 7 gold pieces.
A ball python comes into view.
The ball python hisses angrily.
The ogre shouts!
You see here a book of Blood.
The ball python attacks as you move away!
The ball python barely misses you.
Okay, then.
Okay, then.
You feel yourself speed up. The ball python barely misses you.
The ball python grabs you. The ball python constricts you.
The ogre hits you with a +0 giant spiked club!
Ouch! That really hurt!
You die...

#....#.####.....#
#S..<..........#
....##.#...>...#
....##.#.#.....#
.......#.##.....#
#.#...#..#..$#
#............#
..###...........#
.......@O........
..###..S:.........
#...........
#...........
#####..####. ..#
..# ... ....


You could see an ogre and 2 ball pythons.

Vanquished Creatures
  2 goblins
  A hobgoblin (D:3)
  A quokka (D:3)
  A rat (D:3)
5 creatures vanquished.

Notes
Turn   | Place    | Note
-------+----------+-------------------------------------------
     0 | D:5      | croobank the Octopode Delver began the quest for the Orb.
     0 | D:5      | Reached XP level 1. HP: 16/16 MP: 1/1
    38 | D:5      | Noticed an iguana
    45 | D:5      | Noticed a scorpion
    46 | D:5      | Noticed an ice beast
    64 | D:4      | Noticed a gnoll shaman
   205 | D:2      | Noticed an ogre
   217 | D:2      | Slain by an ogre

Illustrated notes

Levels and vault maps discovered:
D:2:      layout_rooms, uniq_jessica
D:3:      layout_rooms, serial_shops, nicolae_shop_overgrown_old_shop
D:4:      cheibrodos_quashed, layout_cave_pools, gammafunk_ghost_abyssal_escape,
          minmay_pentomino_pile
D:5:      layout_basic, minmay_strange_pillars, nicolae_elemental_shop,
          uniq_ijyb, uniq_grinder

Action                   || total
-------------------------++-------
Melee: Hand axe          ||     8
       Constrict         ||     2
       Tentacles         ||     2
  Use: Scroll            ||     2
       Potion            ||     1
Armor: Skin              ||     1
Dodge: Dodged            ||     3

Table legend: (Time is in decaauts)
 A = Elapsed time spent in this place.
 B = Non-inter-level travel time spent in this place.
 C = Inter-level travel time spent in this place.
 D = Time resting spent in this place.
 E = Time spent auto-exploring this place.
 F = Levels seen in this place.
 G = Mean time per level.
                   A        B        C        D        E       F      G
               +--------+--------+--------+--------+--------+-----+--------+
         Total |    217 |    217 |      0 |     72 |     24 |   4 |   54.2 |
       Dungeon |    217 |    217 |      0 |     72 |     24 |   4 |   54.2 |
               +--------+--------+--------+--------+--------+-----+--------+

Top non-repeatable levels by time:
     D:3: 137 daAuts
     D:5: 51 daAuts
     D:4: 17 daAuts
     D:2: 11 daAuts
